 Dungeon Crawl Stone Soup version 0.24.0-124-g2791043dd8 (webtiles) character file.

Game seed: 12564647026488519185, levelgen mode: deterministic

100 Johnny the Magician (level 4, -4/26 HPs)
             Began as a Deep Elf Earth Elementalist on Feb 15, 2020.
             Killed by divine providence
             ... invoked by an orc priest
              (7 damage)
             ... on level 3 of the Dungeon.
             The game lasted 00:02:13 (2121 turns).

Johnny the Magician (Deep Elf Earth Elementalist)   Turns: 2121, Time: 00:02:14

Health: -4/26      AC:  3    Str:  5    XL:     4   Next: 47%
Magic:  6/12       EV: 13    Int: 21    God:
Gold:   88         SH:  0    Dex: 15    Spells: 7/11 levels left

rFire    . . .     SeeInvis .   h - +0 flail
rCold    . . .     Gourm    .   (no shield)
rNeg     . . .     Faith    .   c - +0 robe
rPois    .         Spirit   .   n - +0 helmet
rElec    .         Reflect  .   (no cloak)
rCorr    .         Harm     .   (no gloves)
MR       .....                  (no boots)
Stlth    ++........             (no amulet)
HPRegen  0.08/turn              (no ring)
MPRegen  0.13/turn              (no ring)

@: no status effects
A: no striking features
a: no special abilities


You were on level 3 of the Dungeon.
You were not hungry.

You visited 1 branch of the dungeon, and saw 3 of its levels.

You collected 88 gold pieces.

Inventory:

Hand Weapons
 h - a +0 flail (weapon)
Missiles
 b - 31 stones (quivered)
Armour
 c - a +0 robe (worn)
 n - a +0 helmet (worn)
Wands
 f - a wand of paralysis (2)
Scrolls
 a - a scroll of fear {unknown}
 e - a scroll of magic mapping {unknown}
 g - 2 scrolls of identify {unknown}
 j - a scroll of enchant armour {unknown}
 k - a scroll of remove curse {unknown}
 o - a scroll of enchant weapon {unknown}
Potions
 i - a potion of invisibility {unknown}
 m - a potion of degeneration {unknown}
Comestibles
 d - 2 rations


   Skills:
 * Level 2.3 Fighting
 - Level 2.4 Dodging
 - Level 2.4 Stealth
 + Level 4.1 Spellcasting
   Level 1.1 Transmutations
 + Level 4.0 Earth Magic


You had 7 spell levels left.
You knew the following spells:

 Your Spells              Type           Power        Failure   Level  Hunger
a - Sandblast             Erth           ###...       2%          1    None
b - Stone Arrow           Conj/Erth      ##....       16%         3    ###....

Your spell library contained the following spells:

 Spells                   Type           Power        Failure   Level  Hunger
 Passwall                 Tmut/Erth      ###.....     6%          2    #......
 Petrify                  Tmut/Erth      ###.....     38%         4    ####...
 Lee's Rapid Deconstruct  Erth           ###.......   52%         5    ######.


Dungeon Overview and Level Annotations

Branches:
Dungeon (3/15)

Altars:
Yredelemnul
The Shining One


Message History

Confirm with . or Enter, or press ? or * to list all spells.
Aiming: Sandblast (safe; 2% risk of failure)
Press: ? - help, Shift-Dir - straight line, f/p - orc priest
Aim: an orc priest, wielding a +0 trident and wearing a +0 leather armour (severely wounded)
The blast of sand hits the orc priest but does no damage.
The orc priest is severely wounded.
b - 32 stones The orc priest hits you from afar with a +0 trident.
* * * LOW HITPOINT WARNING * * *
Casting: Sandblast (safe; 2% risk of failure)
Confirm with . or Enter, or press ? or * to list all spells.
Aiming: Sandblast (safe; 2% risk of failure)
Press: ? - help, Shift-Dir - straight line, f/p - orc priest
Aim: an orc priest, wielding a +0 trident and wearing a +0 leather armour (severely wounded)
The blast of sand hits the orc priest.
The orc priest is almost dead.
b - 31 stones The orc priest calls down the wrath of Beogh upon you.
Beogh smites you!
You die...

#.##.######## .#
#.....oooo..# .#
###...#####@# .#
#oo.# #.# #.##
#.# #.###...##..
. #.##<.......
#.##....##..
########.##.####
..........#.#
########....#
##.###


You could see an orc priest and 3 orcs.

Vanquished Creatures
  An orc wizard (D:3)
  Robin (D:2)
  A gnoll (D:1)
  An adder (D:3)
  A dart slug (D:2)
  2 giant cockroaches (D:1)
  6 goblins
  6 hobgoblins
  9 jackals
  A quokka (D:2)
  3 bats
  4 kobolds
  7 rats
43 creatures vanquished.

Notes
Turn   | Place    | Note
-------+----------+-------------------------------------------
     0 | D:1      | Johnny the Deep Elf Earth Elementalist began the quest for
                  | the Orb.
     0 | D:1      | Reached XP level 1. HP: 10/10 MP: 6/6
   394 | D:1      | Reached XP level 2. HP: 9/16 MP: 5/8
   428 | D:1      | Reached skill level 1 in Fighting
   721 | D:1      | Reached XP level 3. HP: 17/20 MP: 8/10
   726 | D:1      | Learned a level 3 spell: Stone Arrow
  1646 | D:2      | Found a glowing golden altar of the Shining One.
  1651 | D:2      | Found a basalt altar of Yredelemnul.
  1653 | D:2      | Noticed a profane servitor
  1690 | D:2      | Noticed Robin
  1711 | D:2      | Killed Robin
  1712 | D:2      | Reached XP level 4. HP: 10/26 MP: 3/11
  2042 | D:2      | Noticed an angel
  2121 | D:3      | Killed from afar by an orc priest

Levels and vault maps discovered:
D:1:      lemuel_arrival_broad_hall, layout_loops_ring, serial_rivers,
          chequers_serial_rivers_large_a, chequers_serial_rivers_micro_d,
          chequers_serial_rivers_micro_d, chequers_serial_rivers_room_a,
          chequers_serial_rivers_small_3, chequers_serial_rivers_small_a
D:2:      layout_loops_ring, grunt_temple_overflow_holy_war, uniq_robin
D:3:      layout_loops_ring, regret_index_temple_of_mockery,
          portal_sewer_entry_a, grunt_decor_mini_mirrors

Skill      XL: |  1  2  3  4 |
---------------+-------------+-----
Fighting       | 1 2 |  2.3
Spellcasting   | 4 |  4.1
Earth Magic    | 4 |  4.0
Dodging        | |  2.4
Stealth        | |  2.4
Transmutations | |  1.1

Action                   |  1- 3 |  4- 6 || total
-------------------------+-------+-------++-------
Melee: Unarmed           |    24 |       ||    24
       Flail             |    51 |     7 ||    58
 Cast: Sandblast         |    32 |    10 ||    42
       Stone Arrow       |     3 |       ||     3
 Stab: Sleeping          |     3 |     1 ||     4
  Eat: Chunk             |     3 |     1 ||     4
Armor: Robe              |     9 |     4 ||    13
Dodge: Dodged            |    81 |    10 ||    91
